 Dungeon Crawl Stone Soup version 0.20.1-1-g8b1a95d (webtiles) character file.

73 Phantomfrettchen the Insei (level 4, -1/35 HPs)
             Began as a Demonspawn Chaos Knight on July 3, 2017.
             Slain by a worm (13 damage)
             ... on level 2 of the Dungeon.
             The game lasted 00:06:29 (1665 turns).

Phantomfrettchen the Insei (DsCK)                   Turns: 1665, Time: 00:06:30

Health: -1/35      AC:  5    Str: 13    XL:     4   Next: 8%
Magic:  4/4        EV: 11    Int: 13    God:    Xom [..*...]
Gold:   100        SH:  0    Dex: 13    Spells: 3/3 levels left

rFire    . . .     SeeInvis .   l - +3 club (chaos)
rCold    . . .     Gourm    .   (no shield)
rNeg     . . .     Faith    .   a - +2 leather armour
rPois    .         Spirit   .   (no helmet)
rElec    .         Reflect  .   (no cloak)
rCorr    .         Harm     .   (no gloves)
MR       .....                  (no boots)
Stlth    +.........             (no amulet)
Regen    0.2/turn               o - ring of wizardry
MPRegen  0.1/turn               (no ring)

@: no status effects
A: rot immunity
a: Renounce Religion


You were on level 2 of the Dungeon.
You worshipped Xom.
You were a toy of Xom.
You were hungry.

You visited 1 branch of the dungeon, and saw 2 of its levels.

You collected 100 gold pieces.

Inventory:

Hand Weapons
 l - a +3 club of chaos (weapon)
Missiles
 d - 47 stones (quivered)
 e - 25 sling bullets
 t - 53 arrows
Armour
 a - a +2 leather armour (worn)
Jewellery
 o - a ring of wizardry (left hand)
Scrolls
 g - 2 scrolls of fog {unknown}
 h - 2 scrolls of identify {unknown}
 j - a scroll of remove curse {unknown}
 n - 2 scrolls of fear {unknown}
 p - a scroll of enchant weapon {unknown}
 q - a scroll of enchant armour {unknown}
 r - a scroll of teleportation {unknown}
Potions
 c - a potion of brilliance {unknown}
 i - a potion of curing {unknown}
 k - 2 potions of agility {unknown}
 m - a potion of mutation {unknown}
 s - a potion of berserk rage {unknown}
Comestibles
 b - 2 bread rations
 f - a chunk of flesh


   Skills:
 - Level 3.0 Fighting
 * Level 2.3 Maces & Flails
 - Level 0.1 Throwing
 - Level 2.0 Armour
 - Level 1.3 Dodging
 - Level 3.2 Unarmed Combat


You had 3 spell levels left.
You didn't know any spells.

Dungeon Overview and Level Annotations

Branches:
Dungeon (2/15)

Altars:
Ashenzari
Cheibriados


Innate Abilities, Weirdness & Mutations

You are immune to rotting.


Message History

The worm is lightly wounded.
You are feeling hungry.
You hit the worm. You freeze the worm.
The worm is lightly wounded.
You barely miss the worm.
The worm is lightly wounded.
The worm bites you but does no damage.
You barely miss the worm.
The worm is lightly wounded.
The worm bites you.
You hit the worm. You burn the worm.
The worm is heavily wounded.
You sock the worm!
The worm goes berserk!
Xom thinks this is hilarious!
The worm is almost dead.
The worm bites you!
You hit the worm but do no damage.
The worm is almost dead.
The worm bites you!
You die...

.# #.### #.#.. #.#.###
##########.#.#.# #############
#.......##.#.#.###...........##
#............#...........#.#...
#............#.............#...
#.............@............#...
#.............w............#)#.
###.............((#..##..........
..................(..#######...#.
.##......#.....#..(........#.....
#......).....#...........#.....
###......................#.....
#.............#........+.....
####............##.......##....


You could see a worm (berserk).

Vanquished Creatures
  2 adders (D:2)
  An ooze (D:2)
  A worm (D:2)
  2 dart slugs
  2 leopard geckos (D:2)
  5 bats
  3 giant cockroaches
  7 goblins
  5 hobgoblins
  3 jackals (D:2)
  2 kobolds
  5 frilled lizards
  2 rats (D:1)
40 creatures vanquished.

Notes
Turn   | Place    | Note
-------+----------+-------------------------------------------
     0 | D:1      | Phantomfrettchen the Demonspawn Chaos Knight began the quest for the Orb.
     0 | D:1      | Reached XP level 1. HP: 18/18 MP: 1/1
   154 | D:1      | XOM: harmless Hex miscast
   277 | D:1      | Reached skill level 1 in Dodging
   338 | D:1      | Gained mutation: You are immune to rotting. [demonic ancestry]
   338 | D:1      | Reached XP level 2. HP: 24/24 MP: 2/2
   513 | D:1      | XOM: noise
   593 | D:1      | XOM: divination: magic mapping
   603 | D:1      | XOM: god gift: 12 gold pieces
   927 | D:2      | XOM: chaos upgrade
   954 | D:2      | XOM: fog
   994 | D:2      | XOM: cleaving
  1036 | D:2      | Reached XP level 3. HP: 22/29 MP: 3/3
  1036 | D:2      | XOM is BORED!
  1036 | D:2      | Found a shattered altar of Ashenzari.
  1036 | D:2      | Found a snail-covered altar of Cheibriados.
  1036 | D:2      | XOM: 4-stop teleportation journey
  1159 | D:2      | Reached skill level 1 in Maces & Flails
  1160 | D:2      | XOM: mild Tloc miscast
  1214 | D:2      | XOM: god gift: scroll labeled QAEH VUZODDUKK {god gift}
  1478 | D:2      | XOM: god gift: ring mail {god gift}
  1627 | D:2      | Reached XP level 4. HP: 29/35 MP: 4/4
  1665 | D:2      | Slain by a worm

Skill      XL: |  1  2  3 |
---------------+----------+-----
Armour         | 2 |  2.0
Dodging        | 1 |  1.3
Unarmed Combat | 3 |  3.2
Maces & Flails | 2 |  2.3
Fighting       | |  3.0
Throwing       | |  0.1

Action                   |  1- 3 |  4- 6 || total
-------------------------+-------+-------++-------
Melee: Unarmed           |    54 |       ||    54
       Club              |    60 |     7 ||    67
       Punch             |     3 |       ||     3
Throw: Stone             |    78 |     9 ||    87
  Eat: Chunk             |     2 |       ||     2
Armor: Leather armour    |    60 |     1 ||    61
Dodge: Dodged            |   106 |       ||   106
